 Dungeon Crawl Stone Soup version 0.21.1-1-g345015f (webtiles) character file.

61 Fang the Skirmisher (level 4, -5/43 HPs)
             Began as a Gargoyle Berserker on May 16, 2018.
             Was a Believer of Trog.
             Slain by a gnoll
             ... wielding a +0 halberd
              (12 damage)
             ... on level 2 of the Dungeon.
             The game lasted 00:01:35 (1091 turns).

Fang the Skirmisher (Gargoyle Berserker)            Turns: 1091, Time: 00:01:36

Health: -5/43      AC:  5    Str: 27    XL:     4   Next: 7%
Magic:  4/4        EV: 12    Int:  7    God:    Trog [**....]
Gold:   46         SH:  0    Dex:  9    Spells: 3/3 levels left

rFire    + . .     SeeInvis .   a - +0 hand axe
rCold    . . .     Gourm    .   (no shield)
rNeg     + . .     Faith    .   b - +0 animal skin
rPois    ∞         Spirit   .   (no helmet)
rElec    +         Reflect  .   (no cloak)
rCorr    .         Harm     .   (no gloves)
MR       +....                  (no boots)
Stlth    ..........             (no amulet)
HPRegen  0.14/turn              j - ring of protection from magic
MPRegen  0.09/turn              e - ring of protection from fire

@: berserking (expiring), very quick
A: negative energy resistance 1, electricity resistance, unbreathing,
petrification resistance, rot immunity, AC +3
a: Berserk, Trog's Hand, Burn Spellbooks, Renounce Religion


You were on level 2 of the Dungeon.
You worshipped Trog.
Trog was pleased with you.
You were very hungry.

You visited 1 branch of the dungeon, and saw 2 of its levels.

You collected 46 gold pieces.

Inventory:

Hand Weapons
 a - a +0 hand axe (weapon)
Armour
 b - a +0 animal skin (worn)
Jewellery
 e - a ring of protection from fire (right hand)
 j - a ring of protection from magic (left hand)
 m - an uncursed ring of protection from fire
Scrolls
 d - a scroll of blinking {unknown}
 f - a scroll of teleportation {unknown}
 h - a scroll of identify {unknown}
 i - 3 scrolls of enchant armour {unknown}
Potions
 g - a potion of agility {unknown}
 k - a potion of curing {unknown}
 l - a potion of magic {unknown}
Comestibles
 c - 4 rations


   Skills:
 + Level 3.9 Fighting
 + Level 3.6 Axes
 + Level 2.3 Armour
 + Level 1.9 Dodging
 + Level 0.7 Stealth


You had 3 spell levels left.
You didn't know any spells.

Dungeon Overview and Level Annotations

Branches:
Dungeon (2/15)

Altars:


Innate Abilities, Weirdness & Mutations

You are resistant to torment.
Your stone body is resilient. (AC +3)
You are immune to poison.
You resist negative energy. (rN+)
You are resistant to electric shocks. (rElec)
You can survive without breathing.
You are immune to petrification.
You are immune to rotting.


Message History

The gnoll barely misses you. The gnoll misses you.
Unknown command.
You hit the gnoll.
The gnoll is severely wounded.
The gnoll hits you with a flail!
Unknown command.
You slash the gnoll!
You kill the gnoll!
Trog accepts your kill.
You have reached level 4!
You feel stronger.
The gnoll hits you from afar with a halberd!
* * * LOW HITPOINT WARNING * * *
You see here a flail.
You feel a strong urge to attack something.
The gnoll hits you but does no damage.
You slash the gnoll!
The gnoll is severely wounded.
The gnoll hits you with a halberd!
You die...

##### #...# ######
#####...#####....#
....'..(......##.#
#.##..)####..##.#
#...# #..##.#
###.##))>##
#..##.#####
#....g@...#
#..##......
#.........#
#...#.#....
#.........#
##..#.#.##.
#.........#
#..#.#.##.
#.........#
#.#....
###.#######
#...... #. #
..#.#.# #. #.
#.#.... #..#.#.##.


You could see a gnoll.

Vanquished Creatures
  An adder (D:2)
  2 gnolls (D:2)
  A leopard gecko (D:1)
  A giant cockroach (D:1)
  7 goblins (D:1)
  5 hobgoblins
  2 jackals (D:2)
  4 kobolds
  2 bats (D:1)
  2 frilled lizards (D:1)
  5 rats
32 creatures vanquished.

Notes
Turn   | Place    | Note
-------+----------+-------------------------------------------
     0 | D:1      | Fang the Gargoyle Berserker began the quest for the Orb.
     0 | D:1      | Reached XP level 1. HP: 14/14 MP: 1/1
   109 | D:1      | Reached XP level 2. HP: 10/19 MP: 2/2
   818 | D:1      | Reached XP level 3. HP: 24/24 MP: 3/3
  1032 | D:2      | Reached ** piety under Trog
  1087 | D:2      | Reached XP level 4. HP: 16/29 MP: 4/4
  1091 | D:2      | Slain by a gnoll

Skill      XL: |  1  2 |
---------------+-------+-----
Axes           | 3 |  3.6
Fighting       | |  3.9
Armour         | |  2.3
Dodging        | |  1.9
Stealth        | |  0.7

Action                   |  1- 3 |  4- 6 || total
-------------------------+-------+-------++-------
Melee: Hand axe          |    89 |     1 ||    90
Invok: Berserk           |     1 |       ||     1
 Stab: Sleeping          |     1 |       ||     1
Armor: Animal skin       |    36 |     1 ||    37
Dodge: Dodged            |    59 |       ||    59
